 Dungeon Crawl Stone Soup version 0.29-a0-393-g47a863cc1b (webtiles) character file.

Game seed: 8271288656273503442

3420 Sqink the Covert (level 10, 0/71 HPs)
             Began as an Octopode Delver on May 10, 2022.
             Was an Initiate of Gozag.
             Slain by a gnoll sergeant
             ... wielding a +3 trident of flaming
              (1 damage)
             ... on level 7 of the Dungeon.
             The game lasted 00:12:30 (7902 turns).

Sqink the Covert (Octopode Delver)                  Turns: 7902, Time: 00:12:31

Health: 0/71       AC:  1    Str: 13    XL:     10   Next: 5%
Magic:  0/10       EV: 13    Int: 16    God:    Gozag
Gold:   94         SH:  5    Dex: 13    Spells: 9/9 levels left

rFire   . . .      SeeInvis .   G - +0 demon blade of the Mashing Firefly {chaos, Contam +Blink rElec Stlth+}
rCold   . . .      Faith    .   l - +0 buckler
rNeg    + + .      Spirit   +   (helmet restricted)
rPois   .          Reflect  .   C - amulet of guardian spirit
rElec   +          Harm     .   x - +4 ring of slaying
rCorr   .          Rampage  .   z - ring of positive energy
Will    .....                   B - ring of positive energy
Stlth   ++++++....              (no ring)
HPRegen 0.21/turn               (no ring)
MPRegen 0.12/turn               (no ring)
                                (no ring)
                                (no ring)

@: gold aura, studying Poison Magic
A: almost no armour, amphibious, 8 rings, camouflage 1, gelatinous body 1,
(nimble swimmer 1), tentacles
a: Renounce Religion, Evoke Blink, Potion Petition, Call Merchant, Bribe Branch


You were on level 7 of the Dungeon.
You worshipped Gozag.
Gozag was noncommittal.
You visited 1 branch of the dungeon, and saw 7 of its levels.

You collected 818 gold pieces.
You spent 580 gold pieces at shops.
You paid 144 gold pieces to Gozag.

Inventory:

Hand Weapons
 a - a +0 dagger of venom
   (You took it off an orc on level 2 of the Dungeon)
 p - a +1 whip of venom
   (You took it off a kobold on level 1 of the Dungeon)
 G - the +0 demon blade of the Mashing Firefly (weapon) {chaos, Contam +Blink rElec Stlth+}
   (You bought it in a shop on level 2 of the Dungeon)

   Each time it hits an enemy it has a different, random effect.
   rElec:     It insulates you from electricity.
   +Blink:    It lets you blink.
   Contam:    It causes magical contamination when unequipped.
   Stlth:     It makes you more stealthy.
Missiles
 j - 3 curare-tipped darts {!f}
 w - 15 poisoned darts (quivered)
 D - 2 throwing nets {!f}
Armour
 l - a +0 buckler (worn)
   (You found it on level 3 of the Dungeon)
Jewellery
 x - a +4 ring of slaying (left tentacle)
   (You found it on level 3 of the Dungeon)
 z - a ring of positive energy (right tentacle)
   (You found it on level 5 of the Dungeon)
 B - a ring of positive energy (on tentacle)
   (You found it on level 6 of the Dungeon)
 C - an amulet of guardian spirit (around mantle)
   (You found it on level 6 of the Dungeon)
Wands
 r - a wand of mindburst (3)
   (You found it on level 2 of the Dungeon)
 t - a wand of flame (18)
   (You found it on level 3 of the Dungeon)
 v - a wand of digging (3)
 y - a wand of polymorph (10)
   (You found it on level 4 of the Dungeon)
Scrolls
 b - a scroll of fog
 c - 3 scrolls of magic mapping
 d - a scroll of fear
 f - 2 scrolls of teleportation {@r4}
 g - a scroll of immolation {unknown}
 i - a scroll of acquirement {unknown}
 o - a scroll of enchant weapon
 q - a scroll of silence
 u - 2 scrolls of vulnerability {!r}
 A - a scroll of torment {unknown}
 E - a scroll of identify {@r1}
Potions
 e - 2 potions of haste {@q3}
 h - a potion of brilliance
 k - a potion of flight
 n - 3 potions of curing {@q1}
 F - 2 potions of resistance


   Skills:
 - Level 7.0 Fighting
 - Level 2.0(5.9) Short Blades
 + Level 8.8(9.0) Long Blades
 - Level 2.0 Dodging
 - Level 10.0 Stealth
 - Level 5.0 Shields
 - Level 5.0 Evocations


You had 9 spell levels left.
You didn't know any spells.
Your spell library contained the following spells:

 Spells                   Type           Power      Damage    Failure   Level
 Animate Skeleton         Necr           0%         N/A       32%         1
 Apportation              Tloc           0%         N/A       32%         1
 Summon Small Mammal      Summ           0%         N/A       32%         1
 Call Canine Familiar     Summ           0%         N/A       67%         3
 Dazzling Flash           Conj/Hex       0%         N/A       67%         3
 Portal Projectile        Hex/Tloc       0%         N/A       67%         3
 Leda's Liquefaction      Hex/Erth       0%         N/A       97%         4
 Agony                    Necr           0%         N/A       100%        5
 Silence                  Hex/Air        0%         N/A       100%        5


Dungeon Overview and Level Annotations

Branches:
Dungeon (7/15)             Temple (0/1) D:6

Altars:
Gozag
Kikubaaqudgha
Uskayaw

Shops:
D:2 ([(


Innate Abilities, Weirdness & Mutations

You cannot wear most types of armour.
You are amphibious.
You can wear up to eight rings at the same time.
Your skin changes colour to match your surroundings (Stealth+).
Your rubbery body absorbs attacks. (AC +1, EV +1)
((You are camouflaged when in or above water. (Stealth+)))
You have tentacles for arms and can constrict up to eight enemies at once.


Message History

4 gold pieces; a +0 spear You are too injured to fight recklessly!
You are too injured to fight recklessly!
You are too injured to fight recklessly!
You are too injured to fight recklessly!
You are too injured to fight recklessly!
You are too injured to fight recklessly!
You are too injured to fight recklessly!
You are too injured to fight recklessly!
You are too injured to fight recklessly!
You are too injured to fight recklessly!
You are too injured to fight recklessly!
You are too injured to fight recklessly!
You are too injured to fight recklessly!
You are too injured to fight recklessly!
You are too injured to fight recklessly!
You are too injured to fight recklessly!
Unknown command.
You slash the gnoll! You grab the gnoll.
You constrict the gnoll, but do no damage.
You block the gnoll's attack.
The gnoll sergeant hits you from afar with a +3 trident of flaming!
The gnoll sergeant burns you.
You slash the gnoll! You burn the gnoll.
You kill the gnoll!
The gnoll sergeant hits you from afar with a +3 trident of flaming!!
* * * LOW HITPOINT WARNING * * *
The gnoll sergeant burns you.
* * * LOW HITPOINT WARNING * * *
The gnoll closely misses you. The gnoll sergeant barely misses you.
Things that are here:
5 gold pieces; a +0 club You closely miss the gnoll sergeant.
You grab the gnoll sergeant.
You squeeze the gnoll sergeant, but do no damage.
You constrict the gnoll sergeant. You barely miss the gnoll sergeant.
You squeeze the gnoll sergeant! You constrict the gnoll sergeant.
You block the gnoll's attack.
The gnoll sergeant hits you with a +3 trident of flaming!
* * * LOW HITPOINT WARNING * * *
The gnoll sergeant burns you.
* * * LOW HITPOINT WARNING * * *
You feel better.
You constrict the gnoll sergeant, but do no damage.
The gnoll hits you with a +0 flail.
* * * LOW HITPOINT WARNING * * *
The gnoll sergeant hits you with a +3 trident of flaming.
* * * LOW HITPOINT WARNING * * *
The gnoll sergeant burns you.
You die...
Your body crumbles into a pile of gold.

#.# #.#
#.###.#
#.....#
#.#####
#.##
#..#
#..#
#$.#
#@.#
#..gg.#
#..##.#
.... ..
≈≈≈≈≈
.##
....≈
.# ≈≈≈.
.# ..≈.
..


You could see a gnoll sergeant and a gnoll.

Vanquished Creatures
  Pikel (D:7)
  A wyvern (D:7)
  Menkaure (D:4)
  Edmund (D:6)
  An orc warrior (D:7)
  A sky beast (D:7)
  An ice beast (D:4)
  2 ogres
  5 black bears
  A phantom (D:4)
  A centaur (D:7)
  2 lemures (D:7)
  Blork the orc (D:4)
  2 kobold brigands
  A gnoll sergeant (D:7)
  A necrophage (D:5)
  7 scorpions
  5 hounds
  2 orc priests
  A jelly (D:4)
  A gnoll shaman (D:6)
  Jessica (D:3)
  4 iguanas
  An orc wizard (D:7)
  10 adders
  22 gnolls
  A white imp (D:7)
  2 ufetubi
  3 worms
  4 dart slugs
  12 orcs
  6 ball pythons
  4 bats
  A bat zombie (D:4)
  5 endoplasms
  3 giant cockroaches
  5 goblins
  7 hobgoblins
  A quokka (D:1)
  6 frilled lizards
  13 kobolds
  7 rats
  3 rat zombies (D:4)
160 creatures vanquished.

Vanquished Creatures (others)
  6 plants (D:5)
6 creatures vanquished.

Grand Total: 166 creatures vanquished

Notes
Turn   | Place    | Note
-------+----------+-------------------------------------------
     0 | D:5      | Sqink the Octopode Delver began the quest for the Orb.
     0 | D:5      | Reached XP level 1. HP: 16/16 MP: 1/1
    10 | D:4      | Noticed a phantom
    10 | D:4      | Noticed an ice beast
    36 | D:3      | Reached skill level 7 in Stealth
    36 | D:3      | Reached XP level 2. HP: 11/21 MP: 2/2
   236 | D:3      | Noticed Jessica
   242 | D:3      | Killed Jessica
   243 | D:3      | Reached XP level 3. HP: 27/27 MP: 3/3
   336 | D:3      | Noticed an ogre
   349 | D:3      | Killed an ogre
   350 | D:3      | Reached skill level 5 in Fighting
   350 | D:3      | Reached XP level 4. HP: 35/35 MP: 4/4
   350 | D:3      | Reached XP level 5. HP: 39/39 MP: 5/5
   583 | D:2      | Found Mirghukha's Antique Weapon Boutique.
  1051 | D:1      | Found a faded altar of an unknown god.
  1473 | D:1      | Reached skill level 1 in Evocations
  1536 | D:1      | You fall into a shaft and drop 1 floor!
  1908 | D:2      | Reached skill level 8 in Stealth
  2258 | D:2      | Reached skill level 1 in Shields
  2432 | D:2      | Found Qeulutwu's Armour Shop.
  2904 | D:2      | Found Addaajyo's Antique Weapon Shoppe.
  3293 | D:4      | Noticed a black bear
  3298 | D:4      | Reached XP level 6. HP: 38/45 MP: 6/6
  3303 | D:4      | Killed a black bear
  3362 | D:4      | Noticed Blork the orc
  3642 | D:4      | Killed Blork the orc
  3643 | D:4      | Reached XP level 7. HP: 41/50 MP: 7/7
  3658 | D:4      | Reached skill level 9 in Stealth
  3959 | D:4      | Identified the +0 war axe of the Final Decision {drain, rC+
                  | Str+4}
  4351 | D:4      | Reached XP level 8. HP: 55/55 MP: 8/8
  4381 | D:4      | Noticed Menkaure
  4384 | D:4      | Killed Menkaure
  4385 | D:4      | Reached skill level 1 in Long Blades
  4385 | D:4      | Reached skill level 10 in Stealth
  4414 | D:4      | Found an ancient bone altar of Kikubaaqudgha.
  4754 | D:5      | Found an opulent altar of Gozag.
  4764 | D:5      | Became a worshipper of Gozag Ym Sagoz the Greedy
  4969 | D:5      | Reached skill level 5 in Evocations
  5008 | D:5      | Noticed a +0 short sword
  5008 | D:5      | Noticed a +0 short sword
  5008 | D:5      | Noticed a +0 falchion
  5009 | D:5      | Noticed a +0 falchion
  5026 | D:5      | Noticed a +0 dagger
  5027 | D:5      | Noticed a +0 spear
  5028 | D:5      | Noticed a +0 spear
  5031 | D:5      | Noticed a +0 dagger
  5071 | D:5      | Reached skill level 5 in Shields
  5118 | D:5      | Found a hide-covered altar of Uskayaw.
  6319 | D:6      | Reached skill level 5 in Long Blades
  6464 | D:6      | Reached XP level 9. HP: 61/61 MP: 9/9
  6464 | D:6      | Found a staircase to the Ecumenical Temple.
  6711 | D:6      | Noticed Edmund
  6724 | D:6      | Killed Edmund
  6978 | D:2      | Bought a faintly glowing demon blade for 580 gold pieces
  6978 | D:2      | Identified the +0 demon blade of the Mashing Firefly
                  | {chaos, Contam +Blink rElec Stlth+} (You bought it in a
                  | shop on level 2 of the Dungeon)
  7552 | D:7      | HP: 1/64 [wyvern (21)]
  7559 | D:7      | Noticed Pikel
  7573 | D:7      | Killed Pikel
  7574 | D:7      | Reached XP level 10. HP: 41/71 MP: 3/10
  7901 | D:7      | HP: 1/71 [gnoll sergeant/+3 trident of flaming (5)]
  7902 | D:7      | Slain by a gnoll sergeant

Illustrated notes

Levels and vault maps discovered:
D:1:      sevenhm_arrival_forest_fort_large_4, layout_basic,
          hellmonk_ecumenical_altar_leap_of_faith
D:2:      layout_basic, serial_shops, nicolae_shop_overgrown_old_shop,
          shop_coins, nicolae_shop_stone
D:3:      layout_rooms, uniq_jessica
D:4:      layout_basic, lemuel_zombie_altar_kikubaaqudgha, minmay_manual_maat,
          uniq_blork_the_orc, uniq_menkaure
D:5:      layout_basic, nicolae_uskayaw_en_pointe, mainiacjoe_overflow_boulevard
D:6:      layout_loops_corners, minmay_temple_entry_mini_moons, st_stairs_2,
          kennysheep_generic_room_12, uniq_edmund
D:7:      layout_loops_ring, mainiacjoe_overflow_concentric_impassable,
          hangedman_decor_peaks_small, minmay_increasing_density, uniq_pikel

Skill      XL: |  1  2  3  4  5  6  7  8  9 |
---------------+----------------------------+-----
Stealth        | 7 8 9 10 | 10.0
Fighting       | 4 5 7 |  7.0
Evocations     | 1 3 4 5 |  5.0
Shields        | 1 2 3 5 |  5.0
Long Blades    | 5 8 |  8.8
Short Blades   | |  2.0
Dodging        | |  2.0

Action                   |  1- 3 |  4- 6 |  7- 9 | 10-12 || total
-------------------------+-------+-------+-------+-------++-------
Melee: Short sword       |    19 |    22 |       |       ||    41
       Constrict         |     4 |    20 |    42 |     4 ||    70
       Tentacles         |     5 |    14 |    50 |     5 ||    74
       Whip              |       |    30 |       |       ||    30
       Dagger            |       |    31 |   133 |       ||   164
       Punch             |       |     1 |     3 |       ||     4
       Demon blade       |       |       |    29 |    12 ||    41
Throw: Dart              |       |       |    13 |       ||    13
Evoke: Wand              |       |     4 |     7 |       ||    11
  Use: Scroll            |       |     1 |    12 |       ||    13
       Potion            |       |       |     4 |     1 ||     5
 Stab: Sleeping          |     5 |    28 |    21 |       ||    54
Armor: Skin              |     2 |     1 |     5 |       ||     8
Dodge: Dodged            |     6 |    34 |    84 |     4 ||   128
Block: Buckler           |       |     3 |    34 |     3 ||    40

Table legend: (Time is in decaauts)
 A = Elapsed time spent in this place.
 B = Non-inter-level travel time spent in this place.
 C = Inter-level travel time spent in this place.
 D = Time resting spent in this place.
 E = Time spent auto-exploring this place.
 F = Levels seen in this place.
 G = Mean time per level.
                   A        B        C        D        E       F      G
               +--------+--------+--------+--------+--------+-----+--------+
         Total |   7897 |   7430 |    467 |   1810 |   4286 |   7 | 1128.1 |
       Dungeon |   7897 |   7430 |    467 |   1810 |   4286 |   7 | 1128.1 |
               +--------+--------+--------+--------+--------+-----+--------+

Top non-repeatable levels by time:
     D:6: 1511 daAuts
     D:2: 1449 daAuts
     D:4: 1359 daAuts
     D:3: 1120 daAuts
     D:5: 1099 daAuts
     D:1: 1049 daAuts
     D:7: 306 daAuts
